 Dungeon Crawl Stone Soup version 0.29-a0-338-g1ff7896281 (webtiles) character file.

Game seed: 12888471757022383280

2217 Jortsu the Cudgeller (level 9, -2/132 HPs)
             Began as a Troll Fighter on Apr 19, 2022.
             Was a Priest of Trog.
             Succumbed to a killer bee's poison
             ... on level 7 of the Dungeon.
             The game lasted 00:12:09 (5934 turns).

Jortsu the Cudgeller (Troll Fighter)                Turns: 5934, Time: 00:12:09

Health: -2/132     AC:  6    Str: 28    XL:     9   Next: 13%
Magic:  8/8        EV: 11    Int:  4    God:    Trog [***...]
Gold:   214        SH:  0    Dex: 11    Spells: 8/8 levels left

rFire   + . .      SeeInvis .   o - +0 giant spiked club
rCold   . . .      Faith    .   (shield currently unavailable)
rNeg    + + .      Spirit   .   h - +1 robe "Pazeifiots" {rF+ rN+ Stlth+}
rPois   .          Reflect  .   (helmet restricted)
rElec   .          Harm     .   v - +0 cloak
rCorr   .          Rampage  .   (gloves unavailable)
Will    .....                   (boots unavailable)
Stlth   ..........              (no amulet)
HPRegen 1.12/turn               j - ring of positive energy
MPRegen 0.11/turn               (no ring)

@: berserking (expiring), lethally poisoned (-2 -> -8), very quick
A: large, unfitting armour, claws 3, regeneration 1, shaggy fur 1, tough skin 1
a: Renounce Religion, Berserk, Trog's Hand


You were on level 7 of the Dungeon.
You worshipped Trog.
Trog was most pleased with you.
You visited 1 branch of the dungeon, and saw 7 of its levels.
You also visited: Sewer.

You collected 214 gold pieces.

Inventory:

Hand Weapons
 a - a +0 flail
 o - a +0 giant spiked club (weapon)
Missiles
 l - 5 throwing nets (quivered)
Armour
 b - a +0 robe
 c - a +0 kite shield
 h - the +1 robe "Pazeifiots" (worn) {rF+ rN+ Stlth+}
   (You found it on level 4 of the Dungeon)

   rF:        It protects you from fire.
   rN:        It protects you from negative energy.
   Stlth:     It makes you more stealthy.
 v - a +0 cloak (worn)
Jewellery
 j - a ring of positive energy (left claw)
 m - a ring of ice
 r - an amulet of faith
Wands
 q - a wand of iceblast (5)
 t - a wand of polymorph (12)
 w - a wand of paralysis (8)
Scrolls
 n - 4 scrolls of teleportation
 u - 2 scrolls of noise
Potions
 d - 3 potions of might
 e - a potion of flight
 f - 2 potions of invisibility
 g - a potion of ambrosia
 i - a potion of heal wounds
 k - a potion of berserk rage
 p - a potion of mutation
 s - 2 potions of attraction


   Skills:
 + Level 5.0 Fighting
 + Level 7.7 Maces & Flails
 + Level 5.1 Dodging
 + Level 1.5 Stealth
 + Level 4.0 Shields


You had 8 spell levels left.
You didn't know any spells.
Your spell library was empty.

Dungeon Overview and Level Annotations

Branches:
Dungeon (7/15)             Temple (0/1) D:6           Sewer (visited)

Altars:
Dithmenos
Elyvilon
Fedhas
Hepliaklqana
Makhleb
Nemelex Xobeh
Trog
Yredelemnul

Shops:
D:4 !!!([   D:6 *

Annotations:
D:3 exclusion: oklob plant


Innate Abilities, Weirdness & Mutations

You are too large for most types of armour.
You have claws for hands.
Your natural rate of healing is unusually fast.
You are covered in fur. (AC +1)
You have tough skin. (AC +1)


Message History

The killer bee stings you but does no damage.
You miss the killer bee.
You feel very sick. The killer bee barely misses you.
The killer bee stings you.
You closely miss the killer bee.
You feel sick.
The killer bee buzzes angrily.
You hear an angry buzzing noise.
The killer bee completely misses you. The killer bee barely misses you.
You barely miss the killer bee.
You feel sick. The killer bee completely misses you. The killer bee stings you.
You are more poisoned.
The killer bee poisons you!
You closely miss the killer bee.
You feel very sick. The killer bee closely misses you.
The killer bee stings you.
* * * LOW HITPOINT WARNING * * *
The killer bee stings you.
* * * LOW HITPOINT WARNING * * *
The killer bee stings you!
* * * LOW HITPOINT WARNING * * *
You are more poisoned.
The killer bee poisons you!
You closely miss the killer bee.
You feel very sick. The killer bee stings you.
* * * LOW HITPOINT WARNING * * *
The killer bee closely misses you.
The killer bee stings you but does no damage.
A killer bee comes into view.
The killer bee stings you.
* * * LOW HITPOINT WARNING * * *
You closely miss the killer bee.
You feel very sick.
The killer bee buzzes angrily.
The killer bee stings you!
* * * LOW HITPOINT WARNING * * *
The killer bee stings you.
* * * LOW HITPOINT WARNING * * *
The killer bee stings you but does no damage. x2
You barely miss the killer bee.
You die...

##..# #.# .....#
#.# #....# #.#
..... #.#### #
#..######.#..#
....##.......)#..#
#..........y.)..#
#####
#.....######y##..#
#)).# .....
#@##..# #...# ...y
#y##..# #...# ...
#.##### ##'## #.
#y##..# #.## .
..#####.##.## ##.#
............# #.##
..###.....### ##.#
#...### ##.##
##...### ##...#


You could see 4 killer bees.

Vanquished Creatures
  Sigmund (D:6)
  Pargi (Sewer)
  2 ice beasts
  2 orc warriors
  2 black bears (D:6)
  An ogre (D:5)
  A phantom (D:5)
  2 necrophages (D:5)
  A wyvern zombie (D:5)
  2 bullfrogs
  A scorpion (D:5)
  A wight (D:5)
  A centaur zombie (D:5)
  Crazy Yiuf (D:7)
  5 hounds
  A human zombie (D:5)
  3 orc priests
  An iguana (D:5)
  3 orc wizards
  4 scorpion zombies (D:5)
  A mummy (D:5)
  A howler monkey zombie (D:5)
  7 gnolls
  6 adders
  A river rat (D:4)
  An ufetubus (D:5)
  2 worms (D:2)
  4 dart slugs
  14 orcs
  6 ball pythons
  5 bats
  4 endoplasms
  6 giant cockroaches
  6 goblins
  8 hobgoblins
  8 jackals
  6 kobolds
  8 quokkas
  2 frilled lizards (Sewer)
  7 rats
139 creatures vanquished.

Vanquished Creatures (others)
  A fungus (D:3)
  2 plants (D:3)
  11 toadstools (D:3)
14 creatures vanquished.

Grand Total: 153 creatures vanquished

Notes
Turn   | Place    | Note
-------+----------+-------------------------------------------
     0 | D:1      | Jortsu the Troll Fighter began the quest for the Orb.
     0 | D:1      | Reached XP level 1. HP: 22/22 MP: 0/0
   140 | D:1      | Reached XP level 2. HP: 29/29 MP: 1/1
   318 | D:1      | Reached skill level 2 in Maces & Flails
   489 | D:1      | Found a faded altar of an unknown god.
   493 | D:1      | Prayed at the altar of an unknown god.
   493 | D:1      | Became a worshipper of Trog the Wrathful
   493 | D:1      | Reached * piety under Trog
   714 | D:2      | Reached XP level 3. HP: 36/36 MP: 2/2
   939 | D:2      | Found a burning altar of Makhleb.
  1251 | D:3      | Found a blossoming altar of Fedhas.
  1280 | D:3      | Noticed an oklob plant
  1425 | D:2      | Reached XP level 4. HP: 44/44 MP: 3/3
  1612 | D:3      | Reached ** piety under Trog
  1621 | D:3      | Reached XP level 5. HP: 42/52 MP: 4/4
  1693 | D:3      | Reached skill level 3 in Maces & Flails
  2265 | D:4      | Found Plog's Distillery.
  2280 | D:4      | Found Qaunt's Antique Weapon Shoppe.
  2342 | D:4      | Found Wymimeki's Distillery.
  2472 | D:4      | Found Anex's Distillery.
  2574 | D:4      | Identified the +1 robe "Pazeifiots" {rF+ rN+ Stlth+}
  2687 | D:4      | Found a glowing drain.
  2694 | Sewer    | Entered a sewer
  2726 | Sewer    | Noticed Pargi
  2740 | Sewer    | Killed Pargi
  2741 | Sewer    | Reached XP level 6. HP: 61/61 MP: 5/5
  3005 | D:4      | Identified the +2 pair of gloves "Kast" {Dex+2}
  3227 | D:4      | Found Tafoehis's Antique Armour Shop.
  3470 | D:5      | Entered Level 5 of the Dungeon
  3646 | D:5      | Reached skill level 4 in Maces & Flails
  3646 | D:5      | Reached XP level 7. HP: 67/67 MP: 6/6
  3752 | D:5      | Found a white marble altar of Elyvilon.
  3788 | D:5      | Reached *** piety under Trog
  3861 | D:5      | Found a hazy altar of Hepliaklqana.
  3874 | D:5      | Found a shadowy altar of Dithmenos.
  3874 | D:5      | Noticed a shadow
  4052 | D:5      | Found a basalt altar of Yredelemnul.
  4072 | D:5      | Reached skill level 5 in Maces & Flails
  4121 | D:5      | Reached skill level 1 in Stealth
  4121 | D:5      | Reached XP level 8. HP: 71/78 MP: 7/7
  4192 | D:5      | Reached skill level 6 in Maces & Flails
  4826 | D:6      | Found a staircase to the Ecumenical Temple.
  4887 | D:6      | Noticed Sigmund
  4894 | D:6      | Killed Sigmund
  5075 | D:6      | Reached skill level 7 in Maces & Flails
  5153 | D:6      | Reached skill level 5 in Dodging
  5284 | D:6      | Found Corriyci's Commerce Corner.
  5320 | D:6      | Reached XP level 9. HP: 87/87 MP: 8/8
  5383 | D:6      | Found a sparkling altar of Nemelex Xobeh.
  5659 | D:7      | Reached skill level 5 in Fighting
  5679 | D:7      | Found a runed translucent door.
  5680 | D:7      | Noticed Crazy Yiuf
  5691 | D:7      | Killed Crazy Yiuf
  5933 | D:7      | HP: 1/132 [killer bee (6)]
  5934 | D:7      | Succumbed to a killer bee's poison

Illustrated notes

Levels and vault maps discovered:
D:1:      minmay_arrival_five_plusses, layout_basic,
          hellmonk_ecumenical_altar_heavens_door, due_unseen_surprise
D:2:      layout_loops_ring, basic_altar
D:3:      layout_loops_ring, tgw_fedhas
D:4:      layout_gridville, serial_shops, shop, nicolae_shop_waterfront,
          nicolae_shop_waterfront, nicolae_shop_overgrown_old_shop,
          nicolae_stop_n_shop_1, gup_sewer_entry_bubbles
D:5:      layout_cave_pools, elyvilon_altar_1,
          riverfiend_overflow_shadow_ancestor,
          lemuel_mausoleum_altar_yredelemnul, chequers_serial_rivers_room_b,
          kennysheep_generic_room_5
D:6:      layout_basic, amcnicky_altar_gilded,
          minmay_temple_entry_gardened_gates, nicolae_alphabet_shops,
          uniq_sigmund
D:7:      minmay_chambers_of_sevens, layout_rooms, mainiacjoe_overflow_catwalk,
          mainiacjoe_overflow_six_doors_small, minmay_misc_feat_five,
          grunt_ministairs_9, uniq_crazy_yiuf_cottage

Skill      XL: |  1  2  3  4  5  6  7  8  9 |
---------------+----------------------------+-----
Maces & Flails | 2 3 4 5 7 |  7.7
Shields        | 3 4 |  4.0
Dodging        | 3 4 5 |  5.1
Fighting       | 3 4 5 |  5.0
Stealth        | 1 |  1.5

Action                   |  1- 3 |  4- 6 |  7- 9 || total
-------------------------+-------+-------+-------++-------
Melee: Flail             |   119 |   244 |     3 ||   366
       Giant spiked club |       |       |   188 ||   188
Invok: Berserk           |       |     6 |     6 ||    12
  Use: Scroll            |     2 |     7 |     8 ||    17
 Stab: Sleeping          |       |     3 |     7 ||    10
Armor: Robe              |    63 |   133 |   100 ||   296
Dodge: Dodged            |    48 |   143 |   140 ||   331
Block: Kite shield       |    62 |   126 |       ||   188

Table legend: (Time is in decaauts)
 A = Elapsed time spent in this place.
 B = Non-inter-level travel time spent in this place.
 C = Inter-level travel time spent in this place.
 D = Time resting spent in this place.
 E = Time spent auto-exploring this place.
 F = Levels seen in this place.
 G = Mean time per level.
                   A        B        C        D        E       F      G
               +--------+--------+--------+--------+--------+-----+--------+
         Total |   6309 |   6145 |    164 |   1467 |   2730 |   8 |  788.6 |
       Dungeon |   6130 |   5966 |    164 |   1410 |   2730 |   7 |  875.7 |
         Sewer |    179 |    179 |      0 |     57 |      0 |   1 |  179.0 |
               +--------+--------+--------+--------+--------+-----+--------+

Top non-repeatable levels by time:
     D:4: 1317 daAuts
     D:5: 1267 daAuts
     D:3: 1001 daAuts
     D:6: 898 daAuts
     D:2: 826 daAuts
     D:1: 525 daAuts
     D:7: 292 daAuts
   Sewer: 179 daAuts
